 Dungeon Crawl Stone Soup version 0.25-a0-1079-g858b6a6ff6 (webtiles) character file.

Game seed: 11543819414047212277, levelgen mode: deterministic

2 Esekla the Magician (level 1, -6/11 HPs)
             Began as an Octopode Wizard on May 15, 2020.
             Mangled by Sigmund
             ... wielding a +0 scythe
              (12 damage)
             ... on level 4 of the Dungeon.
             The game lasted 00:02:49 (707 turns).

Esekla the Magician (Octopode Wizard)                Turns: 707, Time: 00:02:49

Health: -6/11      AC:  1    Str:  6    XL:     1   Next: 30%
Magic:  4/4        EV: 12    Int: 20    God:
Gold:   28         SH:  3    Dex: 10    Spells: 5/6 levels left

rFire    . . .     SeeInvis .   b - +0 short sword
rCold    . . .     Gourm    .   h - +0 buckler
rNeg     . . .     Faith    .   a - +0 hat
rPois    .         Spirit   .   (no amulet)
rElec    .         Reflect  .   (no ring)
rCorr    .         Harm     .   (no ring)
MR       .....                  (no ring)
Stlth    +++.......             (no ring)
HPRegen  0.03/turn              (no ring)
MPRegen  0.09/turn              (no ring)
                                (no ring)
                                (no ring)

@: no status effects
A: almost no armour, stealthy swim, amphibious, 8 rings, constrict 8, camouflage
1, gelatinous body 1
a: no special abilities


You were on level 4 of the Dungeon.
You were not hungry.

You visited 1 branch of the dungeon, and saw 4 of its levels.

You collected 28 gold pieces.

Inventory:

Hand Weapons
 b - a +0 short sword (weapon)
 g - a +0 spear
Armour
 a - a +0 hat (worn)
 h - a +0 buckler (worn)
Scrolls
 d - a scroll of amnesia {unknown}
 e - a scroll of identify {unknown}
 i - a scroll of enchant armour {unknown}
Potions
 f - a potion of mutation {unknown}
Comestibles
 c - 3 rations


   Skills:
 + Level 2.0 Dodging
 - Level 2.6 Stealth
 * Level 3.0 Spellcasting
 + Level 1.0 Conjurations
   Level 1.0 Summonings
   Level 1.0 Translocations


You had 5 spell levels left.
You knew the following spells:

 Your Spells              Type           Power        Failure   Level  Hunger
a - Magic Dart            Conj           #...         16%         1    None

Your spell library contained the following spells:

 Spells                   Type           Power        Failure   Level  Hunger
 Blink                    Tloc           N/A          24%         2    ##.....
 Call Imp                 Summ           #.......     24%         2    ##.....
 Slow                     Hex            #.......     34%         2    ##.....
 Conjure Flame            Conj/Fire      #.......     50%         3    ###....
 Mephitic Cloud           Conj/Pois/Air  #.......     52%         3    ###....


Dungeon Overview and Level Annotations

Branches:
Dungeon (4/15)
 Temple: D:4-7

Altars:

Annotations:
D:4 Sigmund


Innate Abilities, Weirdness & Mutations

You cannot wear most types of armour.
You are very stealthy in the water. (Stealth+)
You are amphibious.
You can wear up to eight rings at the same time.
You can use your tentacles to constrict eight enemies at once.
Your skin changes colour to match your surroundings (Stealth+).
Your rubbery body absorbs attacks. (AC +1, EV +1)


Message History

Found a scroll labeled FADUITW SUROINA.
i - a scroll labeled FOM IMEELLITHA You now have 28 gold pieces (gained 8).
Sigmund the Dreaded comes into view.
He is wielding a +0 scythe.
Sigmund shouts!
Sigmund casts a spell at you. The puff of flame misses you.
Sigmund barely misses you.
You closely miss Sigmund. You grab Sigmund. You squeeze Sigmund.
Sigmund is lightly wounded.
You constrict Sigmund, but do no damage.
You hit Sigmund.
Sigmund is lightly wounded.
You constrict Sigmund, but do no damage.
Sigmund hits you with a +0 scythe.
You hit Sigmund but do no damage. You squeeze Sigmund, but do no damage.
Sigmund is lightly wounded.
You constrict Sigmund. Sigmund hits you with a +0 scythe!
Ouch! That really hurt!
You die...

.#######.................
#..#...............
#.#................
####.................#
.....................#
########.............>
#...........##
#..####.##### #.@@......
#?.######## #..# #..#
#..# ...# ...# ..###


You could see Sigmund.

Vanquished Creatures
  A frilled lizard (D:1)
  A kobold (D:1)
  A rat (D:1)
3 creatures vanquished.

Notes
Turn   | Place    | Note
-------+----------+-------------------------------------------
     0 | D:1      | Esekla the Octopode Wizard began the quest for the Orb.
     0 | D:1      | Reached XP level 1. HP: 11/11 MP: 4/4
   702 | D:4      | Noticed Sigmund
   707 | D:4      | Mangled by Sigmund

Illustrated notes

Levels and vault maps discovered:
D:1:      dpeg_arrival_court, layout_loops_ring
D:2:      minmay_skewed_foursquare, layout_basic, serial_corexii_hall,
          corexii_hall_statues_l, chequers_hall_statues_wall_a
D:3:      layout_basic, lemuel_coloured_pillars_altar,
          hangedman_decor_peaks_small, serial_bayou_pond_c,
          kennysheep_cluttered_room, uniq_robin
D:4:      layout_rooms, kiku_gazebo_pond_becter, serial_shops,
          nicolae_shop_trees, nicolae_underground_beach, uniq_sigmund

Action                   || total
-------------------------++-------
Melee: Short sword       ||     3
       Constrict         ||     2
       Tentacles         ||     2
       Unarmed           ||     1
 Cast: Magic Dart        ||     5
Dodge: Dodged            ||     4

Table legend:
 A = Non-vault XP
 B = Vault XP
 C = Vault XP percentage of total XP
 D = Non-vault monster count
 E = Vault monster count
 F = Vault count percentage of total count
                 A         B        C        D         E       F
            +---------+---------+-------+---------+---------+-------
      Total |       3 |       0 |   0.0 |       3 |       0 |   0.0
            +---------+---------+-------+---------+---------+-------
        D:1 |       3 |       0 |   0.0 |       3 |       0 |   0.0
            +---------+---------+-------+---------+---------+-------
